 Dungeon Crawl Stone Soup version 0.26-a0-664-gc8b27b8fc1 (webtiles) character file.

Game seed: 14242551943481639408

1300126 stormclouds the Conqueror (level 27, -11/298 HPs)
             Began as a Deep Dwarf Fighter on Oct 11, 2020.
             Was the Champion of Makhleb.
             Mangled by a tentacled monstrosity (19 damage)
             ... summoned by Mnoleg
             ... while paralysed by a floating eye
             ... in Pandemonium on Oct 13, 2020.
             The game lasted 04:52:27 (76912 turns).

stormclouds the Conqueror (Deep Dwarf Fighter)     Turns: 76912, Time: 04:52:28

Health: -11/298    AC: 47    Str: 27    XL:     27
Magic:  30/30      EV: -1    Int: 10    God:    Makhleb [******]
Gold:   15417      SH:  0    Dex: 18    Spells: 67/69 levels left

rFire    + . .     SeeInvis +   h - +9 broad axe (vorpal)
rCold    + + .     Faith    .   Q - +3 warlock's mirror {reflect}
rNeg     + + +     Spirit   .   U - +13 crystal plate armour
rPois    .         Reflect  +   E - +2 hood of the Assassin {Detection Stab+ Stlth++}
rElec    +         Harm     .   G - scarf {rC+ rF+}
rCorr    .         Rampage  .   Z - +0 pair of gloves "Zaiticov" {rC+ rN+ Int-2}
MR       ++++.                  Y - +2 pair of boots {run}
Stlth    ..........             x - macabre finger necklace {rN+}
HPRegen  0.00/turn              p - +4 ring of slaying
MPRegen  0.22/turn              L - ring "Wasulev" {rElec rN+ Slay+3 Stlth+}
                                T - ring "Sysulo Zokul" {Wiz Str-3 Dex+6 Slay+5 SInv}

@: paralysed, berserk cooldown, non-regenerating, hasted and slowed,
constricted, quick
A: damage resistance, heal wounds, icy blue scales 1, deformed body, negative
energy resistance 1, sense surroundings 3, subdued magic 2, no regeneration
}: 13/15 runes: barnacled, slimy, silver, iron, obsidian, icy, bone, abyssal,
demonic, magical, fiery, dark, gossamer
a: Heal Wounds, Minor Destruction, Lesser Servant of Makhleb, Major Destruction,
Greater Servant of Makhleb, Renounce Religion


You were in Pandemonium.
You worshipped Makhleb.
Makhleb was exalted by your worship.
You visited 16 branches of the dungeon, and saw 84 of its levels.
You visited Pandemonium 2 times, and saw 15 of its levels.
You visited the Abyss 3 times.
You also visited: Trove, Ice Cave and Wizlab.

You collected 17186 gold pieces.
You spent 1769 gold pieces at shops.

Inventory:

Hand Weapons
 a - a +9 vampiric broad axe
 d - a +5 sacred scourge of holy wrath
 h - a +9 vorpal broad axe (weapon)
Missiles
 s - 52 silver javelins (quivered)
Armour
 b - the +2 cloak of Love and Death {rN+ rCorr Str+2 Dex+5}
   (You acquired it in Pandemonium)

   It affects your strength (+2).
   It affects your dexterity (+5).
   It protects you from negative energy.
   It provides partial protection from all sources of acid and corrosion.
 E - the +2 hood of the Assassin (worn) {Detection Stab+ Stlth++}
   (You found it on level 6 of the Dungeon)

   It makes you much more stealthy.
 F - the +1 cloak of Twilight {rCorr}
   (You found it on level 7 of the Dungeon)

   It provides partial protection from all sources of acid and corrosion.
 G - a scarf of resistance (worn)
 H - a +0 tower shield of protection
 O - a +2 pair of boots of flying
 Q - the +3 warlock's mirror (worn) {reflect}
   (You found it on level 10 of the Dungeon)
 U - a +13 crystal plate armour (worn)
 Y - a +2 pair of boots of running (worn)
 Z - the +0 pair of gloves "Zaiticov" (worn) {rC+ rN+ Int-2}
   (You acquired it on level 3 of the Depths)

   It affects your intelligence (-2).
   It protects you from cold.
   It protects you from negative energy.
Jewellery
 p - a +4 ring of slaying (left hand)
 r - the cursed ring of Eghios {rC+ Str+5 Int+3 Dex-4}
   (You found it on level 7 of Tartarus)

   [ring of dexterity]

   It affects your strength (+5).
   It affects your intelligence (+3).
   It affects your dexterity (-4).
   It protects you from cold.
   It has a curse placed upon it.
 x - the macabre finger necklace (around neck) {rN+}
   (You took it off a deep elf mage on level 3 of the Elven Halls)

   [amulet of nothing]

   It protects you from negative energy.
 L - the ring "Wasulev" (right hand) {rElec rN+ Slay+3 Stlth+}
   (You took it off a deep elf sorcerer on level 3 of the Elven Halls)

   [ring of stealth]

   It affects your accuracy and damage with ranged weapons and melee attacks
   (+3).
   It insulates you from electricity.
   It protects you from negative energy.
   It makes you more stealthy.
 T - the ring "Sysulo Zokul" (on amulet) {Wiz Str-3 Dex+6 Slay+5 SInv}
   (You found it on level 7 of Gehenna)

   [ring of wizardry]

   It improves your spell success rate.
   It affects your strength (-3).
   It affects your dexterity (+6).
   It affects your accuracy and damage with ranged weapons and melee attacks
   (+5).
   It lets you see invisible.
Wands
 y - a wand of enslavement (33)
 z - a wand of iceblast (119)
 C - a wand of paralysis (63)
 D - a wand of acid (64)
 J - a wand of disintegration (64)
 N - a wand of polymorph (37)
 W - a wand of digging (33)
Scrolls
 f - 4 scrolls of silence
 i - 9 scrolls of fear
 l - 36 scrolls of teleportation
 m - 11 scrolls of magic mapping
 o - 5 scrolls of enchant weapon
 t - 8 scrolls of blinking
 I - 3 scrolls of brand weapon
 K - 49 scrolls of identify
 S - 12 scrolls of fog
 V - 3 scrolls of summoning
 X - 3 scrolls of holy word
Potions
 e - 4 potions of resistance
 g - 10 potions of heal wounds
 j - 6 potions of invisibility
 n - 33 potions of curing
 q - 9 potions of ambrosia
 u - 10 potions of berserk rage
 w - 16 potions of flight
 B - 3 potions of cancellation
 M - a potion of mutation
 R - 4 potions of magic
Miscellaneous
 P - a phantom mirror


   Skills:
 O Level 27 Fighting
 - Level 24.2 Axes
 - Level 16.0 Throwing
 O Level 27 Armour
 O Level 27 Dodging
 O Level 27 Shields
 + Level 21.5 Spellcasting
 - Level 11.0 Translocations
 - Level 14.7 Invocations
 - Level 19.9 Evocations


You had 67 spell levels left.
You knew the following spells:

 Your Spells              Type           Power        Failure   Level
a - Blink                 Tloc           N/A          1%          2

Your spell library contained the following spells:

 Spells                   Type           Power        Failure   Level
 Apportation              Tloc           ###...       1%          1
 Gell's Gravitas          Tloc           ###.......   1%          3
 Lesser Beckoning         Tloc           ###.......   1%          3
 Teleport Other           Tloc           ###.....     1%          3
 Passage of Golubria      Tloc           N/A          1%          4
 Portal Projectile        Hex/Tloc       ##....       2%          3
 Animate Skeleton         Necr           #.....       8%          1
 Corona                   Hex            #......      8%          1
 Foxfire                  Conj/Fire      #...         8%          1
 Freeze                   Ice            #...         8%          1
 Magic Dart               Conj           #...         8%          1
 Pain                     Necr           #...         8%          1
 Sandblast                Erth           #.....       8%          1
 Shock                    Conj/Air       #...         8%          1
 Sting                    Tmut/Pois      #...         8%          1
 Summon Small Mammal      Summ           #...         8%          1
 Iskenderun's Mystic Bla  Conj/Tloc      ##......     8%          4
 Call Imp                 Summ           #.......     12%         2
 Corpse Rot               Necr/Air       N/A          12%         2
 Ensorcelled Hibernation  Hex/Ice        #.....       12%         2
 Passwall                 Tmut/Erth      #.......     12%         2
 Poisonous Vapours        Pois/Air       #.....       12%         2
 Searing Ray              Conj           #.....       12%         2
 Slow                     Hex            #.......     12%         2
 Swiftness                Air            #.......     12%         2
 Wereblood                Tmut           #.......     12%         2
 Summon Forest            Summ/Tloc      ##........   22%         5
 Confusing Touch          Hex            #.......     24%         3
 Conjure Flame            Conj/Fire      #.......     24%         3
 Dazzling Flash           Conj/Hex       #.....       24%         3
 Frozen Ramparts          Ice            #.....       24%         3
 Ignite Poison            Fire/Tmut/Pois #.......     24%         3
 Inner Flame              Hex/Fire       #.......     24%         3
 Mephitic Cloud           Conj/Pois/Air  #.......     24%         3
 Ozocubu's Armour         Ice            #.......     24%         3
 Static Discharge         Conj/Air       #.......     24%         3
 Stone Arrow              Conj/Erth      #.....       24%         3
 Tukima's Dance           Hex            #.......     24%         3
 Vampiric Draining        Necr           #.........   24%         3
 Airstrike                Air            #.........   61%         4
 Animate Dead             Necr           #.........   61%         4
 Cause Fear               Hex            #.........   61%         4
 Fulminant Prism          Conj/Hex       #.........   61%         4
 Hailstorm                Conj/Ice       #.......     61%         4
 Ice Form                 Ice/Tmut       #.......     61%         4
 Leda's Liquefaction      Hex/Erth       #.........   61%         4
 Olgreb's Toxic Radiance  Pois           #.......     61%         4
 Petrify                  Tmut/Erth      #.......     61%         4
 Sticky Flame             Conj/Fire      #.......     61%         4
 Summon Ice Beast         Ice/Summ       #.......     61%         4
 Summon Lightning Spire   Summ/Air       #.......     61%         4
 Agony                    Necr           #.......     91%         5
 Alistair's Intoxication  Tmut/Pois      #........    91%         5
 Bolt of Magma            Conj/Fire/Erth #.........   91%         5
 Borgnjor's Vile Clutch   Necr/Erth      #.........   91%         5
 Fireball                 Conj/Fire      #.........   91%         5
 Irradiate                Conj/Tmut      #.........   91%         5
 Iskenderun's Battlesphe  Conj           #.......     91%         5
 Lee's Rapid Deconstruct  Erth           #.........   91%         5
 Lightning Bolt           Conj/Air       #.........   91%         5
 Metabolic Englaciation   Hex/Ice        #.........   91%         5
 Silence                  Hex/Air        #.........   91%         5
 Summon Demon             Summ           #.........   91%         5
 Summon Mana Viper        Hex/Summ       #.......     91%         5
 Yara's Violent Unravell  Hex/Tmut       #.........   91%         5
 Conjure Ball Lightning   Conj/Air       #.........   100%        6
 Death Channel            Necr           #.........   100%        6
 Freezing Cloud           Conj/Ice/Air   #.........   100%        6
 Hydra Form               Tmut           #.........   100%        6
 Invisibility             Hex            #.......     100%        6
 Iron Shot                Conj/Erth      #.........   100%        6
 Ozocubu's Refrigeration  Ice            #.........   100%        6
 Shadow Creatures         Summ           N/A          100%        6
 Simulacrum               Ice/Necr       #.........   100%        6
 Starburst                Conj/Fire      #.........   100%        6
 Statue Form              Tmut/Erth      #........    100%        6
 Dragon Form              Tmut           #.........   100%        7
 Malign Gateway           Summ/Tloc      ##........   100%        7
 Monstrous Menagerie      Summ           #.........   100%        7
 Orb of Destruction       Conj           #.........   100%        7
 Spellforged Servitor     Conj/Summ      #.........   100%        7
 Summon Greater Demon     Summ           #.........   100%        7
 Summon Hydra             Summ           #.........   100%        7
 Chain Lightning          Conj/Air       #.........   100%        8
 Discord                  Hex            #.........   100%        8
 Ignition                 Fire           #.........   100%        8
 Lehudib's Crystal Spear  Conj/Erth      #.........   100%        8
 Summon Horrible Things   Summ           #.........   100%        8
 Absolute Zero            Ice            #.........   100%        9
 Dragon's Call            Summ           #.........   100%        9
 Fire Storm               Conj/Fire      #.........   100%        9
 Shatter                  Erth           #.........   100%        9
 Tornado                  Air            #.........   100%        9


Dungeon Overview and Level Annotations

Branches:
Dungeon (15/15)            Temple (1/1) D:5            Lair (6/6) D:10
 Shoals (4/4) Lair:4       Spider (4/4) Lair:2        Slime (5/5) Lair:6
    Orc (2/2) D:12            Elf (3/3) Orc:2        Vaults (5/5) D:14
  Crypt (0/3) Vaults:3     Depths (5/5) D:15           Hell (visited)
    Dis (7/7) Hell            Geh (7/7) Hell            Coc (7/7) Hell
    Tar (7/7) Hell            Zot (5/5) Depths:5      IceCv (visited)
 WizLab (visited)

Altars:
Ashenzari
Cheibriados
Dithmenos
Fedhas
Hepliaklqana
Makhleb
Nemelex Xobeh
Qazlal
Ru
Sif Muna
Trog
Vehumet
Wu Jian
The Shining One
Jiyva

Shops:
Orc:1 ?!(:!   Orc:2 [*}?   Elf:2 }   Shoals:1 *   Vaults:1 [   Vaults:2 (
Vaults:3 !   Depths:5 [

Portals:
Hell: Depths:1 Depths:2 Depths:3 Depths:4 Depths:5
Abyss: Depths:1 Depths:4
Pandemonium: Orc:2 Depths:3 Depths:4
Ziggurat: Depths:3

Annotations:
Pan Mnoleg


Innate Abilities, Weirdness & Mutations

You are resistant to damage.
You can heal yourself by infusing magical energy.
You resist negative energy. (rN+)
You passively map a large area around you.
You do not regenerate.
You are partially covered in icy blue scales. (AC +2)
Armour fits poorly on your strangely shaped body.
Your spells are easier to cast, but less powerful.


Message History

The tormentor hits you but does no damage.
The tormentor hits you.
* * * LOW HITPOINT WARNING * * *
The floating eye's stare focuses on you.
The large abomination hits you!!
* * * LOW HITPOINT WARNING * * *
Mnoleg gestures at you.
The bolt of lightning hits the large abomination!
The large abomination resists.
The large abomination is destroyed!
The bolt of lightning hits you! You resist.
* * * LOW HITPOINT WARNING * * *
The bolt of lightning hits the tormentor!!!
The tormentor dies!
The tentacled monstrosity tentacle-slaps you but does no damage. x3
The tentacled monstrosity constricts you.
The floating eye gazes piercingly through you!
You shrug off the repeated paralysis!
The tentacled monstrosity tentacle-slaps you!!
You die...

*, , , *##....##..#..
.##........###..#.##..#.
......*.....#####..##..#
.....w.......###...###..
* .............##...##
##. ............##...##
## ......G....##...## #
* ^.§..GXXX.##.....#*
.....XG@X.#...#...#
......GXX....###...#
*#...§..##...##{ #...#
##....##...##, #...#
##&.##...## ,, *#...
####...##, {,, #.. ##...
, , ,, ,##..) { , *{,
##... * , ,,


You could see Mnoleg, 3 tentacled monstrosities, an eldritch tentacle, a shining
eye (summoned, resistant), 4 large abominations and 3 floating eyes.

Vanquished Creatures
  Cerebov (Pan)
  Antaeus (Coc:7)
  Asmodeus (Geh:7)
  the Royal Jelly (Slime:5)
  Gloorx Vloq (Pan)
  Ereshkigal (Tar:7)
  A seraph (Pan)
  Lom Lobon (Pan)
  the Serpent of Hell (Geh:7)
  Dispater (Dis:7)
  9 orbs of fire
  10 ancient liches
  A juggernaut (Depths:4)
  8 pandemonium lords (Pan)
  The ghost of Delarado the Slayer, a legendary GrFi of Okawaru (Zot:5)
  19 shard shrikes
  5 Killer Klowns
  The ghost of Nuil the Warrior, a veteran DgEn (Depths:3)
  Saint Roka (Vaults:5)
  Geryon (Hell)
  A curse toe (Zot:5)
  the Enchantress (Depths:5)
  2 pearl dragons (Pan)
  15 bone dragons
  21 Brimstone Fiends
  14 golden dragons
  8 electric golems
  6 iron giants (Dis:7)
  6 doom hounds
  16 Tzitzimimeh
  Rupert (Lair:6)
  A hellephant (Pan)
  19 tentacled monstrosities
  Jorgrun (Elf:2)
  15 Ice Fiends
  A Cloud Mage (WizLab)
  17 Hell Sentinels
  2 deep elf blademasters (Elf:3)
  6 liches
  25 Orb Guardians (Zot:5)
  The ghost of qipq the Warrior, an adept OpDe of Gozag (Spider:3)
  2 deep elf master archers (Elf:3)
  6 titans
  22 Executioners (Pan)
  13 acid blobs
  4 tentacled starspawn (Abyss:3)
  12 ancient champions (Dis:7)
  6 quicksilver dragons
  8 sphinxes
  Kirke (Spider:3)
  9 death cobs
  5 azure jellies
  14 storm dragons
  Roxanne (Elf:3)
  19 daevas (Pan)
  11 draconian monks
  5 nagarajas (Depths:4)
  Donald (Elf:3)
  20 shadow dragons
  5 tengu reavers
  12 fire giants
  13 frost giants
  6 warmongers (Pan)
  7 draconian knights
  10 ghost moths
  2 curse skulls (Pan)
  14 vault wardens
  13 cacodemons
  23 angels (Pan)
  34 balrugs
  13 iron dragons
  3 draconian stormcallers
  7 deep elf sorcerers
  2 draconian scorchers
  8 emperor scorpions
  12 draconian shifters
  5 deep elf elementalists (Elf:3)
  4 war gargoyles
  27 stone giants
  10 draconian annihilators
  The ghost of Napalmbreeze the Grappler, a journeyman TrFi of Makhleb (Lair:2)
  89 reapers
  3 elemental wellsprings
  30 very ugly things
  3 spriggan defenders (Depths:5)
  11 ironheart preservers
  14 ophanim (Pan)
  13 green draconians
  7 corrupters (Pan)
  6 entropy weavers
  25 apis (Pan)
  13 blood saints (Pan)
  7 black suns (Pan)
  6 deep elf demonologists
  A vampire knight (Tar:1)
  Azrael (Spider:1)
  8 red draconians
  10 yellow draconians
  11 black draconians
  7 deep elf annihilators
  8 spark wasps
  A spectral titan (Depths:3)
  12 lorocyprocas
  16 white draconians
  20 purple draconians
  2 eidola
  39 blizzard demons
  28 ettins
  8 merfolk javelineers
  7 quicksilver dragon zombies
  7 jiangshi
  A spectral kraken (Tar:7)
  8 death oozes
  18 yaktaur captains
  4 deep elf death magi
  15 green deaths
  6 deep elf high priests
  8 merfolk impalers
  11 great orbs of eyes
  15 fire dragons
  34 vault guards
  Fannar (Lair:2)
  10 monstrous demonspawn (Pan)
  17 hydras
  A spectral shadow dragon (Depths:3)
  2 ghost crabs (WizLab)
  3 juggernaut simulacra
  5 hell beasts
  7 spriggan air magi
  29 ice dragons
  A caustic shrike simulacrum (Depths:3)
  2 alligator snapping turtles
  4 quicksilver dragon skeletons
  A spectral sphinx (Depths:3)
  5 boulder beetles
  5 rakshasas
  4 merfolk avatars
  14 centaur warriors
  4 merfolk aquamancers
  22 dancing weapons
  3 death knights
  A queen ant (Spider:4)
  The ghost of rupin the Arsonist, a novice NaFE of Vehumet (D:9)
  13 ogre magi
  A satyr (shapeshifter) (Vaults:5)
  A catoblepas (D:11)
  44 two-headed ogres
  The ghost of opiumtea the Nimble, a novice GnMo of Gozag (D:9)
  15 deep troll shamans
  A two-headed ogre (shapeshifter) (Elf:3)
  33 hell hogs
  3 death yaks
  7 spriggan berserkers
  4 satyrs
  6 tengu warriors
  9 titan zombies
  2 spectral elves (Depths:3)
  12 deep troll earth magi
  9 vampire magi
  4 shock serpents
  3 thrashing horrors (Abyss:3)
  71 sun demons
  7 orc high priests
  2 wretched stars (Abyss:3)
  19 deep elf knights
  59 soul eaters
  18 iron trolls
  9 storm dragon zombies
  2 titan skeletons
  5 storm dragon skeletons
  A spark wasp zombie (Depths:1)
  2 fire crabs (Lair:4)
  41 hell knights
  14 sixfirhies (Pan)
  47 large abominations
  17 cherubim (Pan)
  14 shadow wraiths
  65 skeletal warriors
  4 ghost moth zombies
  5 golden dragon zombies
  6 death drakes
  4 unseen horrors
  39 deep trolls
  13 anaconda zombies
  6 glowing orange brains
  5 torturous demonspawn
  11 flayed ghosts
  8 infernal demonspawn
  13 sea snakes
  2 quicksilver dragon simulacra
  A lindwurm (shapeshifter) (Vaults:5)
  17 gelid demonspawn
  18 ironbrand convokers
  8 shadow dragon zombies
  42 shadow demons
  A spectral iron dragon (Depths:3)
  2 lindwurms (Depths:4)
  14 phantasmal warriors
  10 anaconda skeletons
  3 kraken simulacra
  3 orange crystal statues
  17 necromancers
  18 harpies
  4 wolf spider zombies
  5 golden dragon skeletons
  56 deep elf magi
  2 oklob plants
  A harpy (shapeshifter) (Depths:1)
  13 orc knights
  7 deep elf archers
  35 wolf spiders
  19 wizards
  12 cyclopes
  6 iron dragon zombies
  10 orb spiders
  41 ugly things
  11 orc sorcerers
  29 moths of wrath
  5 fire giant zombies
  14 fauns
  A shining eye (Slime:1)
  12 manticores
  2 tengu skeletons
  A faun (shapeshifter) (Vaults:5)
  8 frost giant zombies
  8 stone giant zombies
  15 elephants
  2 shock serpent zombies
  An elephant (shapeshifter) (Depths:3)
  3 apocalypse crabs
  2 stone giant skeletons
  5 dire elephant zombies
  5 frost giant skeletons
  A moth of wrath (shapeshifter) (Vaults:5)
  40 rust devils
  8 merfolk sirens
  6 fire giant skeletons
  8 black mambas
  7 eyes of devastation
  4 guardian serpents (Depths:4)
  3 iron dragon skeletons
  6 water nymphs
  13 vault sentinels
  5 centaur zombies
  34 smoke demons
  3 molten gargoyles (Geh:7)
  2 titan simulacra
  18 orange demons
  10 ice statues
  A naga mage (Vaults:2)
  A cane toad (shapeshifter) (Depths:4)
  A gargoyle (D:15)
  3 shock serpent skeletons
  2 human zombies
  A spriggan skeleton (Depths:3)
  9 spectral swamp worms (Tar:7)
  Psyche (D:10)
  5 torpor snails
  5 dire elephant skeletons
  A catoblepas zombie (Dis:7)
  5 rime drakes
  11 komodo dragons
  An emperor scorpion zombie (Hell)
  53 hellions
  2 spectral redbacks (Spider:3)
  13 efreet
  41 yaktaurs
  26 demonic crawlers
  44 tormentors
  47 ice devils
  Maggie (D:9)
  21 cane toads
  26 freezing wraiths
  18 hellwings (Pan)
  2 human skeletons
  33 merfolk
  3 anaconda simulacra
  A silent spectre (Abyss:3)
  14 trolls
  4 tengu conjurers
  2 golden dragon simulacra (Depths:3)
  A spectral moth of wrath (Spider:3)
  A troll (shapeshifter) (Vaults:5)
  A yaktaur skeleton (Vaults:5)
  42 red devils
  22 jumping spiders
  A meliai (shapeshifter) (Vaults:2)
  19 hydra zombies
  A queen bee (Lair:4)
  10 wind drakes
  50 blink frogs
  8 hornets
  4 tyrant leeches (Lair:6)
  A polar bear (shapeshifter) (Vaults:2)
  A wind drake (shapeshifter) (Vaults:5)
  20 polar bears
  2 harpy zombies
  6 meliai
  7 hydra skeletons
  3 fire dragon zombies
  4 harpy skeletons
  3 ice dragon zombies
  4 spectral tarantellas (Spider:3)
  A raiju (Abyss:3)
  9 dream sheep
  95 slime creatures
  5 alligator zombies
  14 snapping turtles
  7 ettin zombies
  8 bog bodies (Coc:7)
  A frost giant simulacrum (Tar:3)
  3 fire dragon skeletons
  2 alligator skeletons
  2 black mamba zombies
  13 air elementals
  78 flying skulls
  20 shadows
  25 water elementals
  66 redbacks
  5 spriggans
  25 tarantellas
  10 wyverns
  A centaur simulacrum (D:15)
  4 elf skeletons
  4 fire bats (Pan)
  7 ettin skeletons
  20 humans (D:14)
  2 ice dragon skeletons
  9 ynoxinuls (Pan)
  2 humans (shapeshifter)
  22 wraiths
  85 yaks
  A black mamba skeleton (Coc:5)
  2 hogs (Spider:3)
  An elf zombie (Vaults:5)
  4 basilisks
  A yaktaur simulacrum (Vaults:5)
  5 small abominations (Abyss:3)
  A golden eye (shapeshifter) (Elf:2)
  An emperor scorpion simulacrum (Spider:3)
  2 spriggan simulacra (Depths:2)
  19 golden eyes
  A redback simulacrum (Spider:3)
  2 steam dragons
  17 fire elementals
  22 neqoxecs
  14 vampire mosquitoes
  A swamp worm (shapeshifter) (Depths:4)
  Grum (D:8)
  27 chaos spawn
  5 wargs
  3 human simulacra
  12 nagas (Depths:4)
  A soldier ant (shapeshifter) (Depths:1)
  3 acid dragons
  3 spatial vortices
  A spectral orb spider (Spider:3)
  8 soldier ants (Spider:4)
  17 cane toad zombies
  A merfolk skeleton (Coc:7)
  A torturous demonspawn zombie (Tar:7)
  16 water moccasins
  54 hell hounds
  A hydra simulacrum (Coc:5)
  2 cane toad skeletons
  A floating eye (shapeshifter) (Depths:1)
  2 floating eyes
  54 orc warriors
  A tarantella simulacrum (Spider:3)
  A manticore zombie (Coc:6)
  8 phantoms
  12 necrophages
  11 ice beasts
  An ice dragon simulacrum (Coc:6)
  3 starcursed masses (Abyss:3)
  A hornet zombie (D:7)
  A sky beast (D:13)
  4 snapping turtle zombies
  2 black bears
  5 eyes of draining
  35 wolves
  An eye of draining (shapeshifter) (Vaults:3)
  36 ogres
  3 boggarts (Vaults:1)
  25 centaurs
  4 snapping turtle skeletons
  A swamp dragon skeleton (Coc:7)
  An elf simulacrum (Depths:3)
  3 big kobolds
  5 earth elementals
  35 bullfrogs
  A wyvern zombie (D:14)
  2 glowing shapeshifter simulacra (Depths:3)
  A cane toad simulacrum (Coc:1)
  A scorpion (shapeshifter) (Vaults:5)
  13 scorpions
  50 killer bees
  7 electric eels
  90 wights
  A howler monkey (D:10)
  A bullfrog zombie (D:7)
  3 crimson imps
  33 orc priests
  6 centaur skeletons
  8 hounds
  Crazy Yiuf (D:7)
  4 jellies
  27 orc wizards
  3 bullfrog skeletons
  22 iron imps
  6 iguanas
  13 hell rats
  21 worker ants
  A tengu zombie (Tar:1)
  An ogre skeleton (Pan)
  2 hound skeletons
  6 mummies
  A worker ant zombie (D:9)
  4 gnolls (D:7)
  24 adders
  A howler monkey skeleton (D:11)
  A tengu simulacrum (Coc:7)
  10 shadow imps
  19 white imps
  4 ufetubi
  2 oozes
  An adder zombie (D:6)
  A worm (D:2)
  11 ball lightnings (Pan)
  4 dart slugs
  4 leopard geckos
  112 orcs
  2 ball pythons (Depths:4)
  5 bats
  3 giant cockroaches
  7 goblins
  10 hobgoblins
  20 jackals
  11 quokkas
  5 frilled lizards
  19 kobolds
  2 kobold zombies
  An orc skeleton (Geh:7)
  A quokka skeleton (D:5)
  8 rats
  A bush (Lair:3)
  7 crawling corpses
  A lurking horror (Abyss:3)
  4 starspawn tentacles (Abyss:3)
  3 tentacles
4937 creatures vanquished.

Vanquished Creatures (others)
  An orb of fire (Zot:5)
  A pandemonium lord (Pan)
  Asterion (Elf:2)
  2 storm dragons
  An Executioner (Pan)
  A warmonger (Pan)
  An elemental wellspring (Coc:7)
  A blood saint (Pan)
  A merfolk javelineer (Shoals:4)
  3 blizzard demons
  A ghost crab (WizLab)
  A spriggan air mage (WizLab)
  A merfolk avatar (Shoals:3)
  A hell hog (Geh:1)
  A skeletal warrior (Coc:5)
  A deep troll (Depths:3)
  A shadow demon (Tar:7)
  A necromancer (Depths:2)
  A wolf spider (Spider:4)
  2 deep elf magi
  2 smoke demons (Pan)
  2 tormentors (Pan)
  A polar bear (IceCv)
  A slime creature (Depths:3)
  A flying skull (Geh:6)
  A wraith (Geh:7)
  A human (Spider:3)
  A golden eye (Slime:4)
  A hog (shapeshifter) (Depths:3)
  A chaos spawn (Pan)
  A neqoxec (Pan)
  A spatial vortex (Geh:3)
  A hell hound (Dis:7)
  An ogre (Vaults:2)
  A wolf (IceCv)
  A wight (Geh:7)
  13 ball lightnings (Pan)
  A ball python (Depths:4)
  2 bushes (Shoals:3)
  40 fungi
  158 plants
  13 starspawn tentacles (Abyss:3)
  17 tentacles
286 creatures vanquished.

Grand Total: 5223 creatures vanquished

Notes
Turn   | Place    | Note
-------+----------+-------------------------------------------
     0 | D:1      | stormclouds the Deep Dwarf Fighter began the quest for the
                  | Orb.
     0 | D:1      | Reached XP level 1. HP: 20/20 MP: 1/1
     2 | D:1      | Noticed a minotaur
     2 | D:1      | Noticed a naga
     8 | D:1      | Noticed a vine stalker
     8 | D:1      | Noticed a spriggan
    10 | D:1      | Noticed an octopode
    10 | D:1      | Noticed a dwarf
    12 | D:1      | Noticed a formicid
    12 | D:1      | Noticed a draconian
    14 | D:1      | Noticed a vampire
    14 | D:1      | Noticed a human
    16 | D:1      | Noticed a troll
    16 | D:1      | Noticed a tengu
    19 | D:1      | Noticed a halfling
    19 | D:1      | Noticed a centaur
    21 | D:1      | Noticed an elf
    21 | D:1      | Noticed a demigod
    23 | D:1      | Noticed a felid
    23 | D:1      | Noticed a merfolk
    25 | D:1      | Noticed an ogre
    25 | D:1      | Noticed a demonspawn
    27 | D:1      | Noticed a ghoul
    27 | D:1      | Noticed a gargoyle
    87 | D:1      | Reached XP level 2. HP: 25/27 MP: 2/2
   380 | D:1      | Reached XP level 3. HP: 30/33 MP: 3/3
  1054 | D:2      | Reached XP level 4. HP: 30/40 MP: 0/4
  1108 | D:2      | Reached skill level 5 in Axes
  1145 | D:2      | Found a glowing golden altar of the Shining One.
  1550 | D:2      | You fall into a shaft and drop 2 floors!
  1697 | D:4      | Found a shadowy altar of Dithmenos.
  1760 | D:4      | Reached XP level 5. HP: 10/46 MP: 0/5
  2257 | D:3      | Found a stormy altar of Qazlal.
  2719 | D:4      | Noticed an ogre
  2730 | D:4      | Killed an ogre
  2730 | D:4      | Reached XP level 6. HP: 22/55 MP: 0/6
  3303 | D:5      | Entered Level 5 of the Dungeon
  3325 | D:5      | Noticed an ice beast
  3333 | D:5      | Killed an ice beast
  3380 | D:5      | Reached XP level 7. HP: 49/61 MP: 0/7
  3983 | D:5      | Found a staircase to the Ecumenical Temple.
  3994 | Temple   | Entered the Ecumenical Temple
  4072 | Temple   | Became a worshipper of Makhleb the Destroyer
  4264 | D:6      | Reached skill level 10 in Axes
  4264 | D:6      | Reached skill level 1 in Dodging
  4264 | D:6      | Reached XP level 8. HP: 42/68 MP: 0/8
  4291 | D:6      | HP: 3/69 [ogre/+0 giant club (20)]
  4514 | D:6      | Found an ornate altar of the Wu Jian Council.
  4633 | D:6      | Found a shimmering blue altar of Sif Muna.
  4646 | D:6      | Found a blossoming altar of Fedhas.
  4646 | D:6      | Found a sacrificial altar of Ru.
  4803 | D:6      | Found the +2 hood of the Assassin {Detection Stab+ Stlth++}
  5055 | D:7      | Identified the +7 flail "Ischal" {speed, rF+ Dex+3}
  5101 | D:7      | Reached * piety under Makhleb
  5145 | D:7      | Got a slimy cloak
  5155 | D:7      | Identified the +1 cloak of Twilight {rCorr} (You found it
                  | on level 7 of the Dungeon)
  5242 | D:7      | Reached skill level 5 in Armour
  5251 | D:7      | Reached skill level 5 in Shields
  5251 | D:7      | Gained mutation: You passively map the area around you.
                  | [Deep Dwarf growth]
  5251 | D:7      | Reached XP level 9. HP: 59/78 MP: 0/6
  5409 | D:7      | Got a steaming mace
  5409 | D:7      | Identified the +4 mace "Liulunk" {flame, rF+} (You found it
                  | on level 7 of the Dungeon)
  5415 | D:7      | Found a runed translucent door.
  5416 | D:7      | Noticed Crazy Yiuf
  5450 | D:7      | Killed Crazy Yiuf
  5473 | D:7      | Found a hazy altar of Hepliaklqana.
  5801 | D:8      | Found a broken altar of Ashenzari.
  5897 | D:8      | Reached ** piety under Makhleb
  5958 | D:8      | Noticed Grum
  5962 | D:8      | Reached skill level 5 in Fighting
  5971 | D:8      | Reached skill level 5 in Dodging
  5976 | D:8      | Killed Grum
  6030 | D:8      | Got an ebony short sword
  6030 | D:8      | Identified the cursed +1 short sword of the End of Times
                  | {vorpal, Dex+4} (You found it on level 8 of the Dungeon)
  6040 | D:8      | Identified a scroll of acquirement
  6040 | D:8      | Acquired 686 gold pieces
  6147 | D:8      | Found a sparkling altar of Nemelex Xobeh.
  6381 | D:9      | Found a runed translucent gate.
  6381 | D:9      | Found a runed translucent gate.
  6382 | D:9      | Found a runed translucent gate.
  6383 | D:9      | Noticed rupin's ghost (novice NaFE)
  6384 | D:9      | Noticed opiumtea's ghost (novice GnMo)
  6424 | D:9      | Reached XP level 10. HP: 80/88 MP: 0/6
  6429 | D:9      | Noticed a red ugly thing
  6447 | D:9      | Noticed a manticore
  6450 | D:9      | Killed a red ugly thing
  6470 | D:9      | Killed a manticore
  6574 | D:9      | Found a runed translucent door.
  6647 | D:9      | Reached *** piety under Makhleb
  6691 | D:9      | Noticed a two-headed ogre
  6705 | D:9      | Killed a two-headed ogre
  6934 | D:9      | Noticed Maggie
  6946 | D:9      | Killed Maggie
  7384 | D:9      | Reached XP level 11. HP: 82/99 MP: 0/7
  7416 | D:9      | Identified the Guide on the Enchanting Frostbite
  7686 | D:10     | Entered Level 10 of the Dungeon
  7803 | D:10     | Found a staircase to the Lair.
  7815 | D:10     | Reached **** piety under Makhleb
  7944 | D:10     | Acquired a manual of Armour
  8041 | D:10     | Noticed a wizard
  8070 | D:10     | Killed a wizard
  8168 | D:10     | Noticed a wizard
  8170 | D:10     | Noticed a wizard
  8178 | D:10     | Killed a wizard
  8193 | D:10     | Killed a wizard
  8200 | D:10     | Noticed a wizard
  8209 | D:10     | Killed a wizard
  8224 | D:10     | Noticed a wizard
  8230 | D:10     | Killed a wizard
  8239 | D:10     | Found the +3 warlock's mirror {reflect}
  8249 | D:10     | Noticed a wizard
  8270 | D:10     | Killed a wizard
  8354 | D:10     | Noticed a wizard
  8369 | D:10     | Killed a wizard
  8387 | D:10     | Noticed a wizard
  8400 | D:10     | Killed a wizard
  8400 | D:10     | Reached skill level 10 in Armour
  8508 | D:11     | Noticed a six-headed hydra
  8575 | D:11     | Noticed a red ugly thing
  8595 | D:11     | Killed a red ugly thing
  8595 | D:11     | Reached XP level 12. HP: 62/110 MP: 6/6
  8596 | D:11     | Found a bloodstained altar of Trog.
  8619 | D:11     | Noticed Psyche
  8632 | D:10     | Killed Psyche
  8686 | D:11     | Killed a six-headed hydra
  8804 | D:11     | Reached ***** piety under Makhleb
  8969 | D:11     | Noticed a catoblepas
  8977 | D:11     | Noticed a centaur warrior
  8983 | D:11     | Killed a catoblepas
  8986 | D:11     | Noticed a death knight
  8990 | D:11     | Reached skill level 10 in Shields
  8999 | D:11     | Killed a centaur warrior
  9008 | D:11     | Killed a death knight
  9454 | D:12     | Noticed a boulder beetle
  9487 | D:12     | Killed a boulder beetle
  9559 | D:12     | Reached skill level 10 in Dodging
  9693 | D:12     | Reached XP level 13. HP: 121/121 MP: 7/7
  9772 | D:12     | Found a blossoming altar of Fedhas.
  9923 | D:12     | Found a staircase to the Orcish Mines.
 10190 | D:13     | Reached ****** piety under Makhleb
 10361 | D:13     | Found a runed translucent door.
 10361 | D:13     | Noticed a sphinx
 10361 | D:13     | Noticed a war gargoyle
 10896 | D:13     | Killed a sphinx
 10902 | D:13     | Killed a war gargoyle
 11026 | D:14     | Reached skill level 10 in Fighting
 11068 | D:14     | Gained mutation: You resist negative energy. (rN+) [Deep
                  | Dwarf growth]
 11068 | D:14     | Reached XP level 14. HP: 132/132 MP: 8/8
 11218 | D:14     | Found a gate to the Vaults.
 11255 | D:14     | Got a transparent plate armour
 11266 | D:14     | Identified the cursed +1 plate armour of the Hidden Vale
                  | {rF++} (You found it on level 14 of the Dungeon)
 11838 | D:15     | Entered Level 15 of the Dungeon
 12342 | D:15     | Found a staircase to the Depths.
 12361 | D:15     | Reached skill level 15 in Armour
 12704 | Orc:1    | Entered Level 1 of the Orcish Mines
 12707 | Orc:1    | Found Fauhiu's Weapon Emporium.
 12834 | Orc:1    | Found Hefo's Distillery.
 12854 | Orc:1    | Paralysed by an orc sorcerer for 6 turns
 12865 | Orc:1    | Reached skill level 15 in Axes
 12892 | Orc:1    | Found Erorchih's Magic Scroll Boutique.
 12910 | Orc:1    | Bought a scroll of identify for 28 gold pieces
 12910 | Orc:1    | Bought a scroll of summoning for 133 gold pieces
 12910 | Orc:1    | Bought a scroll of identify for 28 gold pieces
 12910 | Orc:1    | Bought a scroll of magic mapping for 49 gold pieces
 12984 | Orc:1    | Found Zeroukk's Book Boutique.
 13040 | Orc:1    | Found Toregaus's Distillery.
 13158 | Orc:2    | Entered Level 2 of the Orcish Mines
 13465 | Orc:2    | Found a staircase to the Elven Halls.
 13511 | Orc:2    | Found Zuenkaluwno's Magic Scroll Shoppe.
 13513 | Orc:2    | Found Cuekh's General Store.
 13656 | Orc:2    | Reached XP level 15. HP: 115/141 MP: 9/9
 13787 | Orc:2    | Found Igruump's Antique Armour Boutique.
 13787 | Orc:2    | Found Zour's Gadget Shop.
 13787 | Orc:2    | Found a one-way gate leading to the halls of Pandemonium.
 13795 | Orc:2    | Bought a runed scarf for 184 gold pieces
 13795 | Orc:2    | Bought a pair of runed boots for 172 gold pieces
 13797 | Orc:2    | Bought a wand of digging (3) for 196 gold pieces
 13833 | Orc:2    | Bought a scroll of identify for 28 gold pieces
 13833 | Orc:2    | Bought a scroll of identify for 28 gold pieces
 13833 | Orc:2    | Bought a scroll of identify for 28 gold pieces
 13833 | Orc:2    | Bought a scroll of identify for 28 gold pieces
 13833 | Orc:2    | Bought a scroll of identify for 28 gold pieces
 13833 | Orc:2    | Bought a scroll of identify for 28 gold pieces
 13835 | Orc:2    | Bought a scroll of identify for 28 gold pieces
 13835 | Orc:2    | Bought a +1 pair of gloves for 161 gold pieces
 14271 | Orc:1    | Bought a potion of heal wounds for 60 gold pieces
 14271 | Orc:1    | Bought a potion of haste for 120 gold pieces
 14271 | Orc:1    | Bought 2 potions of ambrosia for 192 gold pieces
 14271 | Orc:1    | Bought a potion of ambrosia for 96 gold pieces
 14293 | Orc:1    | Bought a scroll of magic mapping for 49 gold pieces
 14293 | Orc:1    | Bought a scroll of enchant weapon for 105 gold pieces
 14414 | Lair:1   | Entered Level 1 of the Lair of Beasts
 14883 | Lair:2   | Found a transporter.
 14886 | Lair:2   | Noticed Napalmbreeze's ghost (journeyman TrFi)
 14906 | Lair:2   | Found a transporter.
 14931 | Lair:2   | Found a frozen archway.
 14940 | IceCv    | Entered an ice cave
 15024 | IceCv    | Acquired 918 gold pieces
 15406 | IceCv    | Noticed a frost giant
 15435 | IceCv    | Killed a frost giant
 15472 | IceCv    | Identified Sif Muna's Disquisition on the Arsonist and the
                  | Rocks
 15926 | Lair:2   | Noticed Fannar
 15961 | Lair:2   | Killed Fannar
 16040 | Lair:2   | Killed Napalmbreeze's ghost
 16141 | Lair:2   | Found a hole to the Spider Nest.
 17352 | Lair:4   | Found a staircase to the Shoals.
 17389 | Lair:4   | Reached XP level 16. HP: 152/152 MP: 9/9
 17942 | Lair:4   | You are sucked into a shaft and drop 2 floors!
 17942 | Lair:6   | Entered Level 6 of the Lair of Beasts
 18005 | Lair:6   | Found a staircase to the Slime Pits.
 18242 | Lair:6   | Noticed Rupert
 18284 | Lair:6   | Killed Rupert
 20087 | Lair:6   | Reached XP level 17. HP: 162/162 MP: 10/10
 20350 | Depths:1 | Entered Level 1 of the Depths
 20510 | Depths:1 | Reached skill level 15 in Shields
 20644 | Depths:1 | Found a one-way gate to the infinite horrors of the Abyss.
 20932 | Depths:1 | Reached skill level 15 in Dodging
 20960 | Depths:1 | Found a gateway to Hell.
 20976 | Depths:1 | Paralysed by a floating eye for 4 turns
 21066 | Depths:1 | Found a runed translucent door.
 21068 | Depths:1 | Noticed a lich
 21069 | Depths:1 | Noticed an ancient lich
 21081 | Depths:1 | Found a radiant altar of Vehumet.
 21117 | Depths:1 | Killed an ancient lich
 21127 | Depths:1 | Killed a lich
 21155 | Depths:1 | Identified the Catalogue of Confrontation
 21257 | Depths:1 | Noticed a lich
 21273 | Depths:1 | Killed a lich
 21777 | D:9      | Killed rupin's ghost
 21780 | D:9      | Killed opiumtea's ghost
 22060 | Spider:1 | Entered Level 1 of the Spider Nest
 22396 | Spider:1 | Gained mutation: You passively map a large area around you.
                  | [Deep Dwarf growth]
 22396 | Spider:1 | Reached XP level 18. HP: 172/172 MP: 11/11
 22575 | Spider:1 | Noticed Azrael
 22589 | Spider:1 | Killed Azrael
 23931 | Spider:3 | Found a runed translucent gate.
 23931 | Spider:3 | Found a runed translucent gate.
 23931 | Spider:3 | Found a runed translucent gate.
 23932 | Spider:3 | Noticed qipq's ghost (adept OpDe)
 23995 | Spider:3 | Killed qipq's ghost
 24002 | Spider:3 | Noticed Kirke
 24013 | Spider:3 | Killed Kirke
 24578 | Spider:4 | Entered Level 4 of the Spider Nest
 25495 | Spider:4 | Got a gossamer rune of Zot
 25894 | Spider:4 | Reached XP level 19. HP: 182/182 MP: 0/12
 26390 | Shoals:1 | Entered Level 1 of the Shoals
 26764 | Shoals:1 | Found Dawn's Island Escapes.
 28198 | Shoals:3 | Found a runed translucent door.
 28994 | Shoals:4 | Entered Level 4 of the Shoals
 29594 | Shoals:4 | Reached skill level 15 in Fighting
 29723 | Shoals:4 | Got a barnacled rune of Zot
 30253 | Elf:1    | Entered Level 1 of the Elven Halls
 30427 | Elf:1    | Reached XP level 20. HP: 194/194 MP: 13/13
 31102 | Elf:2    | Found Esaerieh's Gadget Boutique.
 31173 | Elf:2    | Found a runed translucent gate.
 31173 | Elf:2    | Found a runed translucent gate.
 31177 | Elf:2    | Found a runed translucent gate.
 31570 | Elf:2    | Noticed Asterion
 31585 | Elf:2    | Noticed Jorgrun
 31607 | Elf:2    | Killed Jorgrun
 31624 | Elf:2    | Killed Asterion
 31796 | Elf:3    | Entered Level 3 of the Elven Halls
 31902 | Elf:3    | Noticed Roxanne
 32238 | Elf:3    | Noticed Donald
 32261 | Elf:3    | Killed Donald
 32354 | Elf:3    | Identified the ring of Leibb {MR+ Dex+6}
 32363 | Elf:3    | Cast into level 3 of the Abyss (a deep elf sorcerer)
 32390 | Abyss:3  | Found a corrupted altar of Lugonu.
 32432 | Abyss:3  | Found a hazy altar of Hepliaklqana.
 32600 | Elf:3    | Escaped the Abyss
 32605 | Elf:3    | Identified the ring of Youthful Indiscretion {rElec rN+
                  | Int+6}
 32970 | Elf:3    | Killed Roxanne
 33102 | Elf:3    | Identified the ring "Wasulev" {rElec rN+ Slay+3 Stlth+}
 33320 | Elf:3    | Reached XP level 21. HP: 205/205 MP: 14/14
 33340 | Elf:3    | Identified the Handbook of Weightlessness and Stones
 33430 | Elf:3    | Identified Neujier's Papyrus of the Seven Visions
 33461 | Elf:3    | Identified the Handbook of Air and the Traveller
 33466 | Elf:3    | Identified the +5 morningstar "Qohuema" {vorpal, *Slow
                  | Str+4 Stlth+} (You found it on level 3 of the Elven Halls)
 33971 | Vaults:1 | Entered Level 1 of the Vaults
 34280 | Vaults:1 | Found Toagison's Armour Shop.
 34735 | Vaults:1 | Acquired 903 gold pieces
 35644 | Vaults:2 | Found Giruvo's Antique Weapon Shop.
 35885 | Vaults:2 | Found a radiant altar of Vehumet.
 36694 | Vaults:3 | Found a staircase to the Crypt.
 36742 | Vaults:3 | Found a portal to a secret trove of treasure.
 36750 | Vaults:3 | Found Nissiaw's Distillery.
 36764 | Vaults:3 | Reached XP level 22. HP: 218/218 MP: 15/15
 36802 | Vaults:3 | Found a magical portal.
 36810 | WizLab   | Entered The Chambers of the Cloud Mage
 37132 | WizLab   | Identified the Compendium of the Birds
 37139 | WizLab   | Identified a +2 pair of boots of running (You found it in a
                  | wizard's laboratory)
 37143 | WizLab   | Identified the ring "Kodenn" {+Fly Str+6} (You found it in
                  | a wizard's laboratory)
 37574 | Vaults:3 | You paid a toll of 6 scrolls of fear to enter a treasure
                  | trove
 37575 | Trove    | Entered a treasure trove
 37658 | Trove    | Reached XP level 23. HP: 228/228 MP: 16/16
 39953 | Vaults:5 | Entered Level 5 of the Vaults
 39953 | Vaults:5 | Noticed Saint Roka
 40014 | Vaults:4 | Reached XP level 24. HP: 246/246 MP: 16/16
 40076 | Vaults:5 | Identified the +0 robe of Beyond {*Corrode rElec rPois rC-}
 40098 | Vaults:5 | Killed Saint Roka
 40208 | Vaults:5 | Noticed an ancient lich
 40232 | Vaults:5 | Killed an ancient lich
 40321 | Vaults:5 | Noticed an ancient lich
 40337 | Vaults:5 | Killed an ancient lich
 40432 | Vaults:5 | Identified the cursed +3 war axe of Massacring {pain, *Rage
                  | rPois MR+ Str+2 SInv}
 40433 | Vaults:5 | Identified the ring of Ryol {MP+9 Slay+3}
 40900 | Vaults:5 | Identified the amulet "Osemifas" {Spirit rPois Int-5
                  | Stlth+} (You found it on level 5 of the Vaults)
 41035 | Vaults:5 | Identified the ring "Jeurias" {Ice Dex+4} (You found it on
                  | level 5 of the Vaults)
 41078 | Vaults:5 | Identified the Papyrus of Lightness
 41188 | Vaults:5 | Reached XP level 25. HP: 250/265 MP: 16/16
 41195 | Vaults:5 | Identified the Incunabulum of Venomous Transmutation
 41218 | Vaults:5 | Got a silver rune of Zot
 41918 | Depths:2 | Identified the +0 pair of boots "Plog" {rC+ Int+4} (You
                  | found it on level 2 of the Depths)
 42713 | Depths:3 | Found a gateway to a ziggurat.
 42815 | Depths:3 | Found a broken altar of Ashenzari.
 43133 | Depths:3 | Found a runed translucent gate.
 43133 | Depths:3 | Found a runed translucent gate.
 43134 | Depths:3 | Found a runed translucent gate.
 43138 | Depths:3 | Noticed an ancient lich
 43138 | Depths:3 | Noticed an ancient lich
 43138 | Depths:3 | Noticed Nuil's ghost (veteran DgEn)
 43155 | Depths:3 | Killed an ancient lich
 43165 | Depths:3 | Killed an ancient lich
 43210 | Depths:3 | Killed Nuil's ghost
 43214 | Depths:3 | Identified the ring of Etyrphetz {rN+ Stlth+} (You found it
                  | on level 3 of the Depths)
 43219 | Depths:3 | Acquired the +0 pair of gloves "Zaiticov" {rC+ rN+ Int-2}
 43491 | Depths:3 | Identified the ring of Henotheism {Ice rN+ MR++ Str-2
                  | Int-4} (You found it on level 3 of the Depths)
 43966 | Depths:4 | Reached XP level 26. HP: 282/282 MP: 16/16
 44014 | Depths:4 | Acquired a manual of Evocations
 44069 | Depths:4 | Reached skill level 1 in Evocations
 44085 | Depths:4 | Reached skill level 1 in Invocations
 44392 | Depths:4 | Reached skill level 5 in Evocations
 44441 | Depths:4 | Reached skill level 5 in Invocations
 44606 | Depths:4 | Identified the +3 flail "Zotwyix" {distort, rPois rC+}
 45130 | Depths:4 | Noticed a juggernaut
 45137 | Depths:4 | Reached skill level 10 in Evocations
 45150 | Depths:4 | Killed a juggernaut
 45491 | Depths:5 | Entered Level 5 of the Depths
 45619 | Depths:5 | Found a gate to the Realm of Zot.
 45754 | Depths:5 | Noticed the Enchantress
 45790 | Depths:5 | Killed the Enchantress
 45830 | Depths:5 | Found a snail-covered altar of Cheibriados.
 45919 | Depths:5 | Reached skill level 1 in Throwing
 45922 | Depths:5 | Reached skill level 10 in Invocations
 46074 | Depths:5 | Found Yzxocuc's Antique Armour Shop.
 46487 | Slime:1  | Entered Level 1 of the Pits of Slime
 46657 | Slime:5  | Entered Level 5 of the Pits of Slime
 46694 | Slime:5  | Reached skill level 15 in Evocations
 46776 | Slime:5  | Reached XP level 27. HP: 293/293 MP: 23/23
 46785 | Slime:5  | Found a viscous altar of Jiyva.
 46786 | Slime:5  | Noticed the Royal Jelly
 46809 | Slime:5  | Killed the Royal Jelly
 46811 | Slime:5  | Paralysed by a floating eye for 2 turns
 46908 | Slime:5  | Got a slimy rune of Zot
 46995 | Slime:5  | Reached skill level 5 in Throwing
 47521 | Hell     | Entered the Vestibule of Hell
 47521 | Hell     | Noticed Geryon
 47651 | Hell     | Killed Geryon
 48030 | Hell     | Found a gateway to the freezing wastes of Cocytus.
 48174 | Hell     | Found a gateway to the decaying netherworld of Tartarus.
 48289 | Hell     | Found a gateway to the ashen valley of Gehenna.
 48366 | Hell     | Found a gateway to the Iron City of Dis.
 48757 | Dis:1    | Entered Level 1 of the Iron City of Dis
 49861 | Dis:5    | Reached skill level 10 in Throwing
 49866 | Dis:5    | You are sucked into a shaft and drop 1 floor!
 49965 | Dis:6    | Reached skill level 27 in Fighting
 50062 | Dis:7    | Entered Level 7 of the Iron City of Dis
 50376 | Dis:7    | Identified the cursed +2 hand axe "Guamod" {vorpal, Dex+4}
                  | (You found it on level 7 of the Iron City of Dis)
 51207 | Dis:7    | Reached skill level 15 in Throwing
 51242 | Dis:7    | HP: 7/298 [Hell Sentinel/iron shot (46)]
 51300 | Dis:7    | Identified the +4 staff of Dispater
 51300 | Dis:7    | Noticed Dispater
 51346 | Dis:7    | Killed Dispater
 51378 | Dis:7    | Identified the Tome of Attacks
 51381 | Dis:7    | Got an iron rune of Zot
 51821 | Zot:1    | Entered Level 1 of the Realm of Zot
 52129 | Zot:1    | Noticed an orb of fire
 52134 | Zot:1    | Found a transporter.
 52138 | Zot:1    | Identified the cursed +0 cloak of the Turtle {rC- Int+6}
 52138 | Zot:1    | Identified the amulet of Vupren {Spirit rElec}
 52186 | Zot:1    | Killed an orb of fire
 52189 | Zot:1    | Cast into level 3 of the Abyss (black draconian)
 52320 | Abyss:3  | Got an abyssal rune of Zot
 52350 | Zot:1    | Escaped the Abyss
 52463 | Zot:1    | Found a transporter.
 54572 | Zot:3    | Noticed an orb of fire
 54579 | Zot:3    | Gained mutation: Your body sometimes deteriorates upon
                  | taking damage. [an orb of fire]
 54589 | Zot:3    | Killed an orb of fire
 55006 | Zot:4    | Noticed an orb of fire
 55013 | Zot:4    | Gained mutation: Your muscles are strong. (Str +2) [an orb
                  | of fire]
 55016 | Zot:4    | Gained mutation: Your body often deteriorates upon taking
                  | damage. [an orb of fire]
 55020 | Zot:4    | Killed an orb of fire
 55363 | Zot:5    | Entered Level 5 of the Realm of Zot
 55526 | Zot:5    | Found a runed translucent gate.
 55526 | Zot:5    | Found a runed translucent gate.
 55528 | Zot:5    | Found a runed translucent gate.
 55530 | Zot:5    | Noticed Delarado's ghost (legendary GrFi)
 55556 | Zot:5    | Killed Delarado's ghost
 55565 | Zot:5    | Identified the Catalogue of Attacks and Toxins
 55922 | Zot:5    | Noticed an ancient lich
 55935 | Zot:5    | Killed an ancient lich
 55945 | Zot:5    | Noticed an ancient lich
 55954 | Zot:5    | Killed an ancient lich
 55954 | Zot:5    | Reached skill level 27 in Shields
 55967 | Zot:5    | Noticed an orb of fire
 55976 | Zot:5    | Gained mutation: Scrolls take you a little longer to read.
                  | [an orb of fire]
 55989 | Zot:5    | Killed an orb of fire
 55993 | Zot:5    | Lost mutation: Your muscles are strong. (Str +2) [potion of
                  | mutation]
 55993 | Zot:5    | Lost mutation: Scrolls take you a little longer to read.
                  | [potion of mutation]
 55993 | Zot:5    | Gained mutation: You are weak. (Str -2) [potion of
                  | mutation]
 55993 | Zot:5    | Gained mutation: You expend magic power (3 MP) to
                  | strengthen your wands. [potion of mutation]
 55993 | Zot:5    | Gained mutation: You are very weak. (Str -4) [potion of
                  | mutation]
 55993 | Zot:5    | Gained mutation: You are somewhat resistant to further
                  | mutation. [potion of mutation]
 55994 | Zot:5    | Lost mutation: You are very weak. (Str -4) [potion of
                  | mutation]
 55994 | Zot:5    | Lost mutation: You are weak. (Str -2) [potion of mutation]
 55994 | Zot:5    | Lost mutation: You expend magic power (3 MP) to strengthen
                  | your wands. [potion of mutation]
 55994 | Zot:5    | Lost mutation: You are somewhat resistant to further
                  | mutation. [potion of mutation]
 55994 | Zot:5    | Gained mutation: Scrolls take you a little longer to read.
                  | [potion of mutation]
 55994 | Zot:5    | Gained mutation: You have large cloven feet. [potion of
                  | mutation]
 55994 | Zot:5    | Gained mutation: Your system is resistant to poisons.
                  | (rPois) [potion of mutation]
 55995 | Zot:5    | Lost mutation: Scrolls take you a little longer to read.
                  | [potion of mutation]
 55995 | Zot:5    | Lost mutation: You have large cloven feet. [potion of
                  | mutation]
 55995 | Zot:5    | Gained mutation: You are agile. (Dex +2) [potion of
                  | mutation]
 55995 | Zot:5    | Gained mutation: Your magical capacity is low. (-10% MP)
                  | [potion of mutation]
 55995 | Zot:5    | Gained mutation: You are very agile. (Dex +4) [potion of
                  | mutation]
 55996 | Zot:5    | Lost mutation: Your magical capacity is low. (-10% MP)
                  | [potion of mutation]
 55996 | Zot:5    | Lost mutation: Your body often deteriorates upon taking
                  | damage. [potion of mutation]
 55996 | Zot:5    | Lost mutation: Your body sometimes deteriorates upon taking
                  | damage. [potion of mutation]
 55996 | Zot:5    | Gained mutation: You can translocate small distances at
                  | will. [potion of mutation]
 55996 | Zot:5    | Gained mutation: Your mind is acute. (Int +2) [potion of
                  | mutation]
 56060 | Zot:5    | Noticed an orb of fire
 56073 | Zot:5    | Lost mutation: You can translocate small distances at will.
                  | [an orb of fire]
 56079 | Zot:5    | Killed an orb of fire
 56101 | Zot:5    | Noticed an orb of fire
 56111 | Zot:5    | Noticed an orb of fire
 56115 | Zot:5    | Noticed an orb of fire
 56116 | Zot:5    | Noticed an orb of fire
 56119 | Zot:5    | Lost mutation: You are very agile. (Dex +4) [an orb of
                  | fire]
 56120 | Zot:5    | Gained mutation: You evolve. [an orb of fire]
 56122 | Zot:5    | Noticed an orb of fire
 56122 | Zot:5    | Lost mutation: Your mind is acute. (Int +2) [an orb of
                  | fire]
 56124 | Zot:5    | Noticed an ancient lich
 56125 | Zot:5    | Gained mutation: Armour fits poorly on your strangely
                  | shaped body. [an orb of fire]
 56131 | Zot:5    | Noticed an orb of fire
 56140 | Zot:5    | Gained mutation: Your body sometimes deteriorates upon
                  | taking damage. [an orb of fire]
 56142 | Zot:5    | Noticed an ancient lich
 56144 | Zot:5    | Killed an orb of fire
 56160 | Zot:5    | Killed an orb of fire
 56163 | Zot:5    | Killed an ancient lich
 56163 | Zot:5    | Killed an ancient lich
 56172 | Zot:5    | Noticed an ancient lich
 56188 | Zot:5    | Killed an ancient lich
 56278 | Zot:5    | Killed an orb of fire
 56289 | Zot:5    | Gained mutation: Your magical capacity is low. (-10% MP)
                  | [an orb of fire]
 56295 | Zot:5    | Killed an orb of fire
 56312 | Zot:5    | Killed an orb of fire
 56314 | Zot:5    | Lost mutation: Armour fits poorly on your strangely shaped
                  | body. [potion of mutation]
 56314 | Zot:5    | Lost mutation: Your magical capacity is low. (-10% MP)
                  | [potion of mutation]
 56314 | Zot:5    | Lost mutation: You are agile. (Dex +2) [potion of mutation]
 56314 | Zot:5    | Gained mutation: You have a pair of small horns on your
                  | head. [potion of mutation]
 56314 | Zot:5    | Gained mutation: You expend magic power (3 MP) to
                  | strengthen your wands. [potion of mutation]
 56516 | Zot:5    | Lost mutation: Your body sometimes deteriorates upon taking
                  | damage. [evolution]
 56820 | Coc:1    | Entered Level 1 of Cocytus
 57902 | Coc:7    | Entered Level 7 of Cocytus
 58259 | Coc:7    | Noticed Antaeus
 58297 | Coc:7    | HP: 10/298 [Antaeus (8)]
 58312 | Coc:7    | Killed Antaeus
 58328 | Coc:7    | Identified the amulet of Xom's Anger {Faith Dex+7 Slay-4
                  | Stlth+} (You found it on level 7 of Cocytus)
 58418 | Coc:7    | Got an icy rune of Zot
 58424 | Coc:7    | Identified the Incunabulum of Feathery Clay
 58885 | Tar:1    | Entered Level 1 of Tartarus
 59358 | Tar:7    | Entered Level 7 of Tartarus
 59852 | Tar:7    | Reached skill level 27 in Armour
 59852 | Tar:7    | Reached skill level 27 in Dodging
 59868 | Tar:7    | Reached skill level 1 in Spellcasting
 59891 | Tar:7    | Identified the cursed +0 cloak "Afinoroe" {-Tele MR++} (You
                  | found it on level 7 of Tartarus)
 60100 | Tar:7    | Reached skill level 5 in Spellcasting
 60113 | Tar:7    | Noticed Ereshkigal
 60166 | Tar:7    | Killed Ereshkigal
 60191 | Tar:7    | Found the +7 sceptre of Torment {pain, torment}
 60195 | Tar:7    | Got a bone rune of Zot
 60292 | Tar:7    | Identified the cursed ring of Eghios {rC+ Str+5 Int+3
                  | Dex-4} (You found it on level 7 of Tartarus)
 60421 | Tar:7    | Gained mutation: You tend to lose your temper in combat.
                  | [evolution]
 61172 | Hell     | Learned a level 2 spell: Blink
 61173 | Geh:1    | Entered Level 1 of Gehenna
 61180 | Geh:1    | Reached skill level 1 in Translocations
 61291 | Geh:1    | Lost mutation: You evolve. [potion of mutation]
 61291 | Geh:1    | Lost mutation: You have a pair of small horns on your head.
                  | [potion of mutation]
 61291 | Geh:1    | Lost mutation: Your system is resistant to poisons. (rPois)
                  | [potion of mutation]
 61291 | Geh:1    | Gained mutation: You have supernaturally acute eyesight.
                  | (SInv) [potion of mutation]
 61292 | Geh:1    | Lost mutation: You expend magic power (3 MP) to strengthen
                  | your wands. [potion of mutation]
 61292 | Geh:1    | Lost mutation: You have supernaturally acute eyesight.
                  | (SInv) [potion of mutation]
 61292 | Geh:1    | Lost mutation: You tend to lose your temper in combat.
                  | [potion of mutation]
 61292 | Geh:1    | Gained mutation: You are resistant to hostile enchantments.
                  | (MR+) [potion of mutation]
 61292 | Geh:1    | Gained mutation: You possess an exceptional clarity of
                  | mind. [potion of mutation]
 61292 | Geh:1    | Gained mutation: You have large cloven feet. [potion of
                  | mutation]
 61331 | Geh:2    | Reached skill level 10 in Spellcasting
 61463 | Geh:3    | Reached skill level 5 in Translocations
 61495 | Geh:3    | Cast into level 3 of the Abyss (hell knight)
 61507 | Geh:3    | Escaped the Abyss
 61810 | Geh:7    | Entered Level 7 of Gehenna
 62065 | Geh:7    | Noticed the Serpent of Hell
 62095 | Geh:7    | Killed the Serpent of Hell
 62188 | Geh:7    | Reached skill level 10 in Translocations
 62341 | Geh:7    | Found the +0 sword of Power
 62374 | Geh:7    | Identified the ring "Sysulo Zokul" {Wiz Str-3 Dex+6 Slay+5
                  | SInv} (You found it on level 7 of Gehenna)
 62376 | Geh:7    | Identified the amulet of Elevini {MR+ Regen+} (You found it
                  | on level 7 of Gehenna)
 62677 | Geh:7    | Identified the +7 sceptre of Asmodeus
 62677 | Geh:7    | Noticed Asmodeus
 62715 | Geh:7    | Killed Asmodeus
 62789 | Geh:7    | Got an obsidian rune of Zot
 62951 | Hell     | Upgraded the game from 0.26-a0-663-g36e8fdb655 to
                  | 0.26-a0-664-gc8b27b8fc1
 63033 | Pan      | Entered Pandemonium
 63041 | Pan      | Noticed Ybuthrien the pandemonium lord
 63075 | Pan      | Killed Ybuthrien the pandemonium lord
 63535 | Pan      | Gained mutation: Your body sometimes deteriorates upon
                  | taking damage. [a neqoxec]
 63975 | Pan      | Noticed Vumien the pandemonium lord
 63996 | Pan      | Killed Vumien the pandemonium lord
 64337 | Pan      | Lost mutation: You have large cloven feet. [potion of
                  | mutation]
 64337 | Pan      | Gained mutation: You are partially covered in icy blue
                  | scales. (AC +2) [potion of mutation]
 64394 | Pan      | Noticed Anauxyunyi the pandemonium lord
 64420 | Pan      | Killed Anauxyunyi the pandemonium lord
 64602 | Pan      | Identified the cursed -5 pair of boots of Compression {MR+
                  | MP+9 SInv} (You found it in Pandemonium)
 65004 | Pan      | HP: 10/298 [hellion/damnation (24)]
 65037 | Pan      | Got a demonic rune of Zot
 65554 | Pan      | Noticed Koril the pandemonium lord
 65567 | Pan      | Killed Koril the pandemonium lord
 66729 | Pan      | Noticed Muiheih the pandemonium lord
 66739 | Pan      | Killed Muiheih the pandemonium lord
 68161 | Pan      | Entered the realm of Gloorx Vloq.
 68398 | Pan      | Noticed Gloorx Vloq
 68413 | Pan      | Killed Gloorx Vloq
 68434 | Pan      | Got a dark rune of Zot
 68767 | Pan      | Found an exit through the horrors of the Abyss.
 69604 | Pan      | Identified the +4 hand axe of Vioz {freeze, rN+} (You found
                  | it in Pandemonium)
 69791 | Pan      | Identified the amulet of Synluq {Acrobat +Blink rPois Str-2
                  | SInv}
 69791 | Pan      | Noticed a seraph
 69794 | Pan      | Identified the +5 tower shield of the Moneychanger {Harm
                  | +Blink Stlth-}
 69818 | Pan      | Killed a seraph
 69849 | Pan      | Found a glowing golden altar of the Shining One.
 69905 | Pan      | Identified the cursed +0 buckler of Honour {rC+ rCorr} (You
                  | found it in Pandemonium)
 69931 | Pan      | Lost mutation: Your body sometimes deteriorates upon taking
                  | damage. [potion of mutation]
 69931 | Pan      | Lost mutation: You possess an exceptional clarity of mind.
                  | [potion of mutation]
 69931 | Pan      | Lost mutation: You are resistant to hostile enchantments.
                  | (MR+) [potion of mutation]
 69931 | Pan      | Gained mutation: Your muscles are strong. (Str +2) [potion
                  | of mutation]
 69931 | Pan      | Gained mutation: You are agile. (Dex +2) [potion of
                  | mutation]
 70523 | Pan      | Found a white marble altar of Elyvilon.
 70603 | Pan      | Reached skill level 15 in Spellcasting
 70894 | Pan      | Identified the -6 tower shield "Baepis" {Rampage Stlth+}
 70919 | Pan      | Found a glowing silver altar of Zin.
 71764 | Pan      | Lost mutation: Your muscles are strong. (Str +2) [a
                  | cacodemon]
 71772 | Pan      | Gained mutation: Your spells are a little easier to cast,
                  | but a little less powerful. [a cacodemon]
 71948 | Pan      | Found an exit through the horrors of the Abyss.
 72206 | Pan      | Noticed Toohykha the pandemonium lord
 72219 | Pan      | Killed Toohykha the pandemonium lord
 72833 | Pan      | Gained mutation: Your spells are easier to cast, but less
                  | powerful. [a neqoxec]
 72867 | Pan      | Noticed Maesui the pandemonium lord
 72900 | Pan      | Killed Maesui the pandemonium lord
 73296 | Pan      | Found an exit through the horrors of the Abyss.
 73490 | Pan      | Entered the realm of Cerebov.
 73571 | Pan      | Found an exit through the horrors of the Abyss.
 73919 | Pan      | Identified the +6 sword of Cerebov {flame}
 73919 | Pan      | Noticed Cerebov
 73979 | Pan      | Identified the +6 dire flail of Dithmenos's Whim {speed,
                  | rF+ Int+5 Dex-5}
 74062 | Pan      | Killed Cerebov
 74072 | Pan      | Got a fiery rune of Zot
 74468 | Pan      | Entered the realm of Lom Lobon.
 74611 | Pan      | Noticed Lom Lobon
 74672 | Pan      | Killed Lom Lobon
 74696 | Pan      | Got a magical rune of Zot
 75217 | Pan      | Found an exit through the horrors of the Abyss.
 75580 | Pan      | Noticed Kotsirgh the pandemonium lord
 75613 | Pan      | Killed Kotsirgh the pandemonium lord
 75754 | Pan      | Found an exit through the horrors of the Abyss.
 76035 | Depths:4 | Escaped Pandemonium
 76043 | Pan      | Entered Pandemonium
 76335 | Pan      | Noticed Xydyhym the pandemonium lord
 76348 | Pan      | Killed Xydyhym the pandemonium lord
 76418 | Pan      | Acquired the +2 cloak of Love and Death {rN+ rCorr Str+2
                  | Dex+5}
 76763 | Pan      | Entered the realm of Mnoleg.
 76766 | Pan      | Lost mutation: You are agile. (Dex +2) [a neqoxec]
 76885 | Pan      | Noticed Mnoleg
 76902 | Pan      | Gained mutation: Armour fits poorly on your strangely
                  | shaped body. [a cacodemon]
 76908 | Pan      | Paralysed by a floating eye for 4 turns
 76912 | Pan      | HP: 14/298 [large abomination[Mnoleg] (16)]
 76912 | Pan      | Mangled by a tentacled monstrosity

Illustrated notes

Levels and vault maps discovered:
D:1:      kb_arrival_jail, layout_basic, serial_glass, glass_columns_a,
          glass_columns_a
D:2:      layout_loops_corners, old_standard_altar
D:3:      layout_loops_corners, grunt_qazlal_sundering
D:4:      layout_basic, nicolae_dithmenos_shadow_blocks
D:5:      layout_cave_pods, minmay_temple_entry_overgrown,
          kennysheep_generic_room_7
D:6:      layout_cave_pools, kennysheep_little_box, lemuel_crystal_altar,
          gammafunk_temple_overflow_elements
D:7:      minmay_bubble_buster, layout_rooms, kennysheep_mini_moat,
          hangedman_abyss_or_decor_jellyfish_corner, uniq_crazy_yiuf_cottage
D:8:      layout_cave_pools, evilmike_ruin_ashenzari,
          nemelex_spade_bored_becter, uniq_grum
D:9:      minmay_the_grid_four_pointed_star_mashed
          [minmay_the_grid_triangle_9x9_empty,
          minmay_the_grid_triangle_9x9_negative_grid,
          minmay_the_grid_triangle_9x9_descending_squares,
          minmay_the_grid_triangle_9x9_subtriangle,
          minmay_the_grid_prize_big_room], layout_loops_corners,
          gammafunk_ghost_cemetery, grunt_ministairs_14, uniq_maggie
D:10:     minmay_smoke_and_mirrors, layout_rooms, minmay_lair_entry_grove
D:11:     layout_gridville, basic_altar, minivault_28, uniq_psyche
D:12:     layout_rooms, erik_orc_2, minivault_4, fedhas_altar_1
D:13:     layout_cave_pools, kennysheep_treasure_room
D:14:     cheibrodos_elevator_heist, layout_irregular_city,
          grunt_vaults_entry_tiered, serial_bayou_pond_d,
          kennysheep_generic_room_12
D:15:     grunt_enter_depths_snipers, layout_irregular_city,
          chequers_serial_rivers_large_a
Temple:   nicolae_temple_figure_eight
Lair:1:   layout_cave_shapes, guppyfry_lair_drakes, infiniplex_staircase_pool_2
Lair:2:   layout_regular_city, spider_nest_entry_web_field,
          gammafunk_ghost_arena, portal_ice_cave_entry_pillars_1,
          lemuel_fruit_fields, uniq_fannar
Lair:3:   layout_chaotic_city, minmay_lair_oklob_bushes
Lair:4:   regret_index_harrowing_hell_hive, layout_hall_layers,
          minmay_shoals_entry_hut, infiniplex_staircase_pool, grunt_megastairs_4
Lair:5:   layout_roguey, cheibrodos_lair_lostbears, serial_bayou_shore_a
Lair:6:   minmay_lair_end_frog_pond, layout_cellular_growth,
          minmay_slime_entry_oklob_open, uniq_rupert
Shoals:1: layout_shoals, nicolae_shoals_square_sea_wall, nicolae_island_escapes
Shoals:2: nicolae_shoals_island_circles, layout_shoals
Shoals:3: cheibrodos_shoals_satyrical_garden, layout_shoals, lightli_airlock
Shoals:4: shoals_end_grunt_ice, layout_shoals
Spider:1: layout_spider_delve, uniq_azrael
Spider:2: layout_spider_delve
Spider:3: layout_spider_delve, gammafunk_ghost_necromancy, uniq_kirke
Spider:4: grunt_spider_rune_circles, minmay_another_anthill
Slime:1:  layout_caves, basic_altar, cheibrodos_slime_lost_civilization_4
Slime:2:  layout_caves
Slime:3:  layout_caves
Slime:4:  layout_caves
Slime:5
Orc:1:    layout_diamond_mine, serial_shops, shop, nicolae_shop_crystal,
          shop_fountains, nicolae_shop_trees, shop_statue
Orc:2:    pf_orc_diabolical, layout_diamond_mine, library_closet
Elf:1:    elf_arrival_001, layout_loops_cross, kennysheep_underground_church
Elf:2:    layout_rooms, serial_shops, shop, feat_on_display, uniq_jorgrun,
          uniq_asterion
Elf:3:    elf_hall_gauntlet_narrow, layout_geoelf_castle, minivault_16,
          hex_tiny, glass_columns_a, uniq_donald, uniq_roxanne
Vaults:1: nicolae_vaults_statue_guard, hangedman_vaults_trim,
          grunt_vaults_trifunnel, grunt_vaults_funnel, serial_ice_m, v_misc_13,
          vaults_mumra_lcd, ontoclasm_vaults_ligature,
          vaults_room_stairs_pillars, v_misc_22, vaults_dpeg_hooks,
          layout_vaults_big_cross, serial_shops, shop
Vaults:2: ontoclasm_vaults_decontamination, grunt_tower_of_power,
          ontoclasm_vaults_chip, v_alt_pattern_5, dpeg_vaults_monster_box,
          v_pattern_5, v_misc_8, grunt_vaults_focal, vaults_room_hallway,
          vaults_dpeg_diagonal, layout_vaults_quadrants, serial_shops,
          nicolae_shop_trees
Vaults:3: vaults_room_pools, v_misc_11, vaults_standard_mumra_lines,
          minmay_crypt_entry_simple_walls, grunt_vaults_twisty,
          nicolae_vaults_border_crossing, nicolae_vaults_shelves_hall,
          vaults_room_corners, layout_vaults_big_room,
          nicolae_trove_entry_free_sample, serial_shops, shop, mu_enter_wizlab_6
Vaults:4: grunt_vaults_swirl, hangedman_vaults_locks, v_misc_32,
          nicolae_vaults_good_morning_starshine, grunt_vaults_diagonal,
          nicolae_vaults_arrows, v_misc_23, nicolae_vaults_theta,
          ontoclasm_vaults_hangar, v_misc_24, nicolae_vaults_angled_halls,
          vaults_room_stairs_pillars, nicolae_vaults_rhombus_5,
          nicolae_vaults_angled_halls, layout_vaults_maze
Vaults:5: uniq_saint_roka
Depths:1: minmay_distorted_concentric_squares, layout_long_grid,
          grunt_decor_arrowhead, abyss_entry_crystal, hell_entry,
          chequers_serial_rivers_micro_d, chequers_big_river,
          kennysheep_cross_room, minivault_16, grunt_absolute_annihilation
Depths:2: minmay_open_boxes_in_corner, layout_basic, grunt_mini_vestibule,
          hangedman_abyss_or_decor_stagger
Depths:3: kennysheep_green_arena, layout_gridlike, enter_ziggurat_b,
          lemuel_crystal_altar, pan_entry, hell_entry,
          gammafunk_ghost_necromancy, infiniplex_staircase_zigzag_2,
          uniq_margery
Depths:4: wad_courtyard, layout_cave_shapes, minmay_misc_feat_diagonals,
          grunt_hell_entry_dis_mu, abyss_entry, rand_demon_pan_entry_4,
          minmay_serpent_palace
Depths:5: evilmike_zot_entry_hall, layout_cave_pools, cheibriados_altar_1,
          serial_shops, nicolae_shop_behind_doors, hell_entry,
          minmay_statues_item, lemuel_old_faithful, uniq_enchantress
Hell
Dis:1:    layout_jigsaw, hangedman_dis_decor_blocks_crown
Dis:2:    hangedman_dis_monolith, layout_regular_city, hangedman_feature_mirror,
          nrook_loot_triangle, evilmike_ambush [evilmike_ambush_outer_basic,
          evilmike_ambush_inner_basic]
Dis:3:    layout_regular_city
Dis:4:    layout_chaotic_city
Dis:5:    layout_subdivisions
Dis:6:    layout_gridville
Dis:7:    dis_st
Geh:1:    layout_gehenna_pools_triple
Geh:2:    layout_gehenna_lava_caves
Geh:3:    layout_gehenna_pools_basic
Geh:4:    layout_gehenna_lava_caves
Geh:5:    layout_gehenna_lava_caves
Geh:6:    layout_gehenna_pools_basic
Geh:7:    evilmike_geh
Coc:1:    layout_ice_bergs, serial_ice
Coc:2:    layout_cocytus_water_paths, serial_ice
Coc:3:    layout_cocytus_water_paths
Coc:4:    layout_cocytus_water_paths
Coc:5:    layout_ice_bergs
Coc:6:    layout_ice_bergs
Coc:7:    coc_grunt_cove [coc_grunt_cove_antaeus, coc_grunt_cove_fiend,
          coc_grunt_cove_fiend, coc_grunt_cove_fiend, coc_grunt_cove_fiend]
Tar:1:    layout_honeycomb, evilmike_ambush [evilmike_ambush_outer_corners,
          evilmike_ambush_inner_basic]
Tar:2:    layout_grid_maze
Tar:3:    layout_grid_maze
Tar:4:    layout_grid_maze, grunt_megastairs_2
Tar:5:    layout_grid_maze
Tar:6:    layout_grid_maze
Tar:7:    tar_minmay_river
Zot:1:    gammafunk_the_bubble [the_bubble_gammafunk_grid],
          layout_cellular_growth
Zot:2:    layout_onion_interference
Zot:3:    layout_onion
Zot:4:    layout_onion_interference
Zot:5:    layout_misc_corridors, gammafunk_ghost_split, lemuel_golem_globe
Pan:      evilmike_mini_pan_thingy, layout_irregular_city,
          evilmike_mini_pan_thingy, layout_cross, lemuel_hellion_island,
          layout_chambers, nicolae_pan_diamonds, layout_basic, grunt_pan_zigzag,
          layout_gridville, evilmike_mini_pan_pillars, layout_gridlike,
          pan_blood_fountain, nicolae_pan_mnolegish_5, evilmike_gloorx_vloq_box,
          layout_gridville, nicolae_pan_cerebovesque_3, evilmike_holy_pan,
          grunt_pan_frozen_over, layout_gridville, grunt_pan_in_and_out,
          layout_irregular_city, nicolae_pan_sigil_nadil, evilmike_cerebov_lava,
          layout_cellular_growth, lom_lobon_spiral_st, layout_long_grid,
          evilmike_mini_pan_doors, layout_rooms, evilmike_mini_pan_thingy,
          layout_gridlike, nicolae_pan_mnolegish_4, mnoleg_st, layout_gridlike

Skill      XL: |  1  2  3  4  5  6  7  8  9 10 11 12 13 14 15 16 17 18 19 20 21 22 23 24 25 26 27 |
---------------+----------------------------------------------------------------------------------+-----
Axes           | 3 4 6 7 8 10 11 12 13 14 15 16 17 18 24 | 24.2
Dodging        | 1 3 5 7 8 10 11 12 13 14 15 16 17 18 19 20 27 | 27.0
Fighting       | 4 5 6 7 9 10 11 12 13 14 15 16 17 18 20 23 25 26 27 | 27.0
Armour         | 5 6 8 10 12 14 15 16 17 18 19 20 27 | 27.0
Shields        | 5 6 7 9 10 11 12 13 14 15 16 17 18 20 27 | 27.0
Evocations     | 15 19 | 19.9
Invocations    | 10 14 | 14.7
Throwing       | 3 16 | 16.0
Spellcasting   | 21 | 21.5
Translocations | 11 | 11.0

Action                   |  1- 3 |  4- 6 |  7- 9 | 10-12 | 13-15 | 16-18 | 19-21 | 22-24 | 25-27 || total
-------------------------+-------+-------+-------+-------+-------+-------+-------+-------+-------++-------
Melee: War axe           |    97 |   163 |   201 |       |       |       |       |       |       ||   461
       Broad axe         |       |       |   170 |   769 |  1478 |  2043 |  2195 |  1166 |  9105 || 16926
       Mace              |       |       |       |    13 |   119 |    48 |       |       |       ||   180
       Headbutt          |       |       |       |       |       |       |       |       |   579 ||   579
       Sacred scourge    |       |       |       |       |       |       |       |       |    36 ||    36
Throw: Boomerang         |       |       |       |     4 |    26 |       |       |       |       ||    30
       Javelin           |       |       |       |       |       |       |       |       |    90 ||    90
 Abil: Heal Wounds       |       |     4 |     9 |     5 |     4 |     1 |    10 |     1 |    50 ||    84
Evoke: Wand              |       |       |       |       |       |     2 |       |       |    10 ||    12
       Phantom mirror    |       |       |       |       |       |       |       |       |     1 ||     1
  Use: Scroll            |     4 |       |    19 |     5 |    11 |     4 |    23 |     9 |    51 ||   126
       Potion            |       |       |       |     5 |     5 |       |     7 |     2 |    61 ||    80
 Stab: Petrified         |       |       |       |       |     2 |       |       |       |       ||     2
       Petrifying        |       |       |       |       |     1 |       |       |       |       ||     1
       Paralysed         |       |       |       |       |       |     1 |       |     1 |       ||     2
       Held in net/web   |       |       |       |       |       |     1 |       |       |       ||     1
       Distracted        |       |       |       |       |       |       |     2 |       |     2 ||     4
       Invisible         |       |       |       |       |       |       |       |       |     3 ||     3
Armor: Scale mail        |    39 |       |       |       |       |       |       |       |       ||    39
       Chain mail        |    18 |    74 |   152 |   305 |       |       |       |       |       ||   549
       Skin              |       |       |       |    84 |       |       |       |       |       ||    84
       Plate armour      |       |       |       |     9 |   856 |   530 |       |       |       ||  1395
       Crystal plate arm |       |       |       |       |       |  1081 |  1087 |   702 |  5422 ||  8292
Dodge: Dodged            |    35 |    34 |   111 |   332 |  1093 |  1517 |  1060 |   521 |  5084 ||  9787
Block: Kite shield       |    68 |    80 |   216 |   309 |       |       |       |       |       ||   673
       Buckler           |       |       |       |   161 |   895 |  1363 |  1125 |   639 |  5548 ||  9731
       Reflection        |       |       |       |    15 |    45 |    35 |   185 |    53 |   335 ||   668

Table legend: (Time is in decaauts)
 A = Elapsed time spent in this place.
 B = Non-inter-level travel time spent in this place.
 C = Inter-level travel time spent in this place.
 D = Time resting spent in this place.
 E = Time spent auto-exploring this place.
 F = Levels seen in this place.
 G = Mean time per level.
                   A        B        C        D        E       F      G
               +--------+--------+--------+--------+--------+-----+--------+
         Total |  70399 |  64262 |   6137 |    585 |  33939 | 105 |  670.5 |
       Dungeon |  13923 |  12025 |   1898 |    119 |   7832 |  15 |  928.2 |
        Temple |     88 |     60 |     28 |      0 |     58 |   1 |   88.0 |
          Lair |   5265 |   4631 |    634 |      0 |   2976 |   6 |  877.5 |
        Shoals |   3350 |   3196 |    154 |      0 |   2174 |   4 |  837.5 |
   Spider Nest |   3962 |   3658 |    304 |      0 |   2525 |   4 |  990.5 |
    Slime Pits |    636 |    573 |     63 |      0 |    151 |   5 |  127.2 |
  Orcish Mines |   1737 |   1432 |    305 |      0 |    843 |   2 |  868.5 |
   Elven Halls |   3086 |   2708 |    378 |      4 |   1064 |   3 | 1028.7 |
        Vaults |   6214 |   5785 |    429 |      2 |   3625 |   5 | 1242.8 |
        Depths |   5613 |   4774 |    839 |     11 |   2921 |   5 | 1122.6 |
          Hell |   1093 |    863 |    230 |    122 |    376 |   1 | 1093.0 |
           Dis |   2404 |   2218 |    186 |     49 |    604 |   7 |  343.4 |
       Gehenna |   1453 |   1377 |     76 |      0 |    108 |   7 |  207.6 |
       Cocytus |   1746 |   1681 |     65 |      9 |    265 |   7 |  249.4 |
      Tartarus |   1956 |   1641 |    315 |      0 |    544 |   7 |  279.4 |
           Zot |   4056 |   3828 |    228 |     53 |   2309 |   5 |  811.2 |
         Abyss |    353 |    353 |      0 |      3 |      7 |   3 |  117.7 |
   Pandemonium |  12135 |  12135 |      0 |    126 |   5328 |  15 |  809.0 |
         Trove |     94 |     94 |      0 |      0 |      0 |   1 |   94.0 |
      Ice Cave |    673 |    673 |      0 |     32 |     94 |   1 |  673.0 |
        Wizlab |    552 |    552 |      0 |     52 |    129 |   1 |  552.0 |
               +--------+--------+--------+--------+--------+-----+--------+

Top non-repeatable levels by time:
Depths:4: 1791 daAuts
   Elf:3: 1625 daAuts
   Tar:7: 1555 daAuts
     D:9: 1475 daAuts
Spider:4: 1407 daAuts
Vaults:4: 1393 daAuts
Vaults:2: 1330 daAuts
Vaults:5: 1255 daAuts
   Dis:7: 1246 daAuts
  Lair:6: 1237 daAuts
    D:11: 1233 daAuts
Vaults:1: 1231 daAuts
Depths:1: 1218 daAuts
   Orc:2: 1148 daAuts
Depths:3: 1112 daAuts
